 Dungeon Crawl Stone Soup version 0.28.0-45-g0d030f2227 (webtiles) character file.

Game seed: 14878826357670436126

210 bobregger the Cudgeller (level 5, 0/81 HPs)
             Began as an Ogre Berserker on Apr 22, 2022.
             Was a Believer of Trog.
             Slain by a scorpion (3 damage)
             ... on level 4 of the Dungeon.
             The game lasted 00:02:49 (2954 turns).

bobregger the Cudgeller (Ogre Berserker)            Turns: 2954, Time: 00:02:50

Health: 0/81       AC:  3    Str: 23    XL:     5   Next: 88%
Magic:  5/5        EV: 10    Int:  8    God:    Trog [**....]
Gold:   134        SH:  0    Dex:  8    Spells: 4/4 levels left

rFire   . . .      SeeInvis .   a - +0 mace
rCold   . . .      Faith    .   (no shield)
rNeg    . . .      Spirit   .   b - +0 animal skin
rPois   .          Reflect  .   (helmet restricted)
rElec   .          Harm     .   (no cloak)
rCorr   .          Rampage  .   (gloves unavailable)
Will    .....                   (boots unavailable)
Stlth   ..........              (no amulet)
HPRegen 0.23/turn               (no ring)
MPRegen 0.09/turn               (no ring)

@: berserking, lethally poisoned (0 -> -4), very quick
A: large, unfitting armour, tough skin 1
a: Renounce Religion, Berserk, Trog's Hand


You were on level 4 of the Dungeon.
You worshipped Trog.
Trog was pleased with you.
You visited 1 branch of the dungeon, and saw 4 of its levels.

You collected 134 gold pieces.

Inventory:

Hand Weapons
 a - a +0 mace (weapon)
Armour
 b - a +0 animal skin (worn)
Jewellery
 i - an amulet of faith
Scrolls
 c - 4 scrolls of identify {unknown}
 e - a scroll of blinking {unknown}
 f - a scroll of teleportation {unknown}
 h - a scroll of enchant weapon {unknown}
 j - a scroll of amnesia {unknown}
Potions
 d - 3 potions of curing {unknown}
 g - a potion of might {unknown}
 k - a potion of haste {unknown}


   Skills:
 - Level 4.0 Fighting
 + Level 5.8 Maces & Flails
 - Level 2.6 Dodging


You had 4 spell levels left.
You didn't know any spells.
Your spell library was empty.

Dungeon Overview and Level Annotations

Branches:
Dungeon (4/15)
 Temple: D:4-7

Altars:
Makhleb

Shops:
D:2 =   D:3 *(*


Innate Abilities, Weirdness & Mutations

You are too large for most types of armour.
You have tough skin. (AC +1)


Message History

You hit the scorpion but do no damage. The scorpion stings you!
You are poisoned.
The scorpion poisons you! The scorpion stings you.
You are more poisoned.
The scorpion poisons you!
You hit the scorpion but do no damage.
You feel very sick. The scorpion stings you.
You are more poisoned.
The scorpion poisons you!
You closely miss the scorpion.
You feel extremely sick.
The scorpion stings you but does no damage.
The scorpion stings you.
You closely miss the scorpion.
You feel very sick. The scorpion stings you.
You barely miss the scorpion.
* * * LOW HITPOINT WARNING * * *
You feel very sick. The scorpion stings you.
* * * LOW HITPOINT WARNING * * *
You hit the scorpion but do no damage.
* * * LOW HITPOINT WARNING * * *
You feel very sick. The scorpion closely misses you.
The scorpion barely misses you.
A red film seems to cover your vision as you go berserk!
You feel yourself moving faster!
You feel mighty!
You feel sick. The scorpion barely misses you.
You closely miss the scorpion.
You feel sick. The scorpion stings you.
* * * LOW HITPOINT WARNING * * *
You hit the scorpion.
The scorpion is lightly wounded.
* * * LOW HITPOINT WARNING * * *
You feel sick.
You sock the scorpion!
The scorpion is severely wounded.
* * * LOW HITPOINT WARNING * * *
You feel sick. The scorpion stings you.
You die...

...# ###
#######.#### #.?
............ #.#
#######.#### #.#
#........... #.#
#.###.#.#... #.#
#.#...#.....
#####.##
#.#.......#.
#...s@.#
#.#....(....
#.###..#
#.#.#<###... #..#
#.#.#...#.#.
#..####.#.#.#.#.##
#.......#.#.#.#.#.
##......#.#...#.#.
######.#.#.###.#.
#.#.#.....#. #.#
#.#####.


You could see a scorpion.

Vanquished Creatures
  A phantom (D:4)
  A centaur zombie (D:4)
  A gnoll (D:1)
  3 adders
  2 dart slugs (D:1)
  6 bats
  4 endoplasms
  3 giant cockroaches
  7 goblins
  6 hobgoblins
  3 jackals (D:1)
  2 quokkas
  5 ball pythons
  5 frilled lizards (D:1)
  5 kobolds
  3 rats
57 creatures vanquished.

Notes
Turn   | Place    | Note
-------+----------+-------------------------------------------
     0 | D:1      | bobregger the Ogre Berserker began the quest for the Orb.
     0 | D:1      | Reached XP level 1. HP: 24/24 MP: 1/1
    46 | D:1      | Reached skill level 3 in Maces & Flails
   193 | D:1      | Reached XP level 2. HP: 29/32 MP: 2/2
   719 | D:1      | Reached XP level 3. HP: 39/39 MP: 3/3
   730 | D:1      | Reached skill level 4 in Maces & Flails
   735 | D:1      | Reached ** piety under Trog
  1348 | D:2      | Reached XP level 4. HP: 38/48 MP: 4/4
  1755 | D:2      | Found Kaophicu's Jewellery Boutique.
  2308 | D:3      | Found Zufunuir's Assorted Antiques.
  2367 | D:3      | Found Maud's Weapon Shoppe.
  2458 | D:3      | Found Faosi's Assorted Antiques.
  2716 | D:3      | Found a burning altar of Makhleb.
  2716 | D:3      | Noticed an Executioner
  2720 | D:3      | Noticed a ynoxinul
  2720 | D:3      | Noticed an orange demon
  2776 | D:4      | Reached skill level 5 in Maces & Flails
  2776 | D:4      | Reached XP level 5. HP: 47/54 MP: 5/5
  2817 | D:4      | Noticed a phantom
  2823 | D:4      | Killed a phantom
  2952 | D:4      | HP: 4/81 [scorpion (6)]
  2954 | D:4      | Slain by a scorpion

Illustrated notes

Levels and vault maps discovered:
D:1:      minmay_arrival_semitransparent, layout_basic
D:2:      layout_basic, serial_shops, nicolae_shop_advertising_works
          [nicolae_subvault_shop_adworks]
D:3:      layout_basic, makhleb_altar_promises_db, serial_shops, shop,
          nicolae_shop_bloodbath_and_beyond, shop
D:4:      layout_basic, mainiacjoe_overflow_brackets,
          minmay_temple_entry_slanted, serial_shops, shop

Skill      XL: |  1  2  3  4 |
---------------+-------------+-----
Maces & Flails | 3 4 5 |  5.8
Fighting       | |  4.0
Dodging        | |  2.6

Action                   |  1- 3 |  4- 6 || total
-------------------------+-------+-------++-------
Melee: Mace              |   116 |    58 ||   174
       Punch             |     1 |       ||     1
Invok: Berserk           |     1 |     2 ||     3
Armor: Animal skin       |    56 |    11 ||    67
Dodge: Dodged            |    74 |    23 ||    97
